[Event "44th Chess Olympiad Open 2022"]
[Site "Chennai"]
[Date "2022.08.05"]
[Round "7.44"]
[White "Meddeb, Anis"]
[Black "Rakotomaharavo, Dylan"]
[Result "1/2-1/2"]
[ECO "B45"]
[WhiteElo "2121"]
[BlackElo "1948"]
[Annotator "TA"]
[PlyCount "62"]
[EventDate "2022.07.29"]
[EventType "team-tourn"]
[EventCountry "IND"]
[SourceTitle "playchess.com"]
[Source "ChessBase"]
[SourceQuality "1"]
[WhiteTeam "Tunisia"]
[BlackTeam "Madagascar"]
[WhiteTeamCountry "TUN"]
[BlackTeamCountry "MAD"]
[TimeControl "40/5400+30:1800+30"]

1. e4 c5 2. Nf3 Nc6 3. d4 cxd4 4. Nxd4 Nf6 5. Nc3 e6 6. Bc4 Bb4 7. O-O O-O {[%emt 0:00:34] B45: Sicilian Four Knights.} 8. Bg5 h6 9. Bh4 g5 {[%emt 0:05:38] Black is slightly better.} 10. Nxc6 {[%emt 0:01:49] [#]} bxc6 $146 ({Predecessor:} 10... dxc6 11. e5 Bxc3 12. bxc3 Qxd1 13. Raxd1 Ne4 14. Rd4 Nxc3 15. Bg3 b5 16. Bd3 c5 {½-½ (33) Tekeyev,Z (2081)-Shkurat,S (2123) Nevinnomyssk 2010}) 11. e5 ({White should play} 11. Bg3 $1 $15) 11... Bxc3 (11... gxh4 $17 12. exf6 Qxf6) 12. bxc3 $15 gxh4 13. exf6 Qxf6 14. Qd6 Qxc3 15. Bd3 f5 16. Rab1 Qf6 17. Rfe1 {[%emt 0:01:25] Against e5} Rf7 18. Rb4 Qe7 (18... a5 $15 19. Rb6 Qg5) 19. Qxe7 $11 Rxe7 20. Rxh4 (20. Bxf5 $1 $14 Ba6 21. Rxh4) 20... Rg7 21. Rb1 a5 22. Rb6 Kf7 23. Rxh6 Ke7 ({Better is} 23... Rg4 $1 $11) 24. h4 Kd6 25. Rh8 {[%emt 0:02:50] Black must now prevent h5.} Kc7 (25... Bb7 $2 26. Rxa8 Bxa8 27. Rb8 $18) 26. Rb3 Bb7 27. Rxa8 Bxa8 28. Ra3 Kb6 29. Rb3+ Kc7 $1 30. Ra3 Kb6 $1 31. Rb3+ Kc7 $1 {[%emt 0:00:20] Weighted Error Value: White=0.21 (precise) /Black=0.19 (very precise)} 1/2-1/2

[Event "44th Chess Olympiad Open 2022"]
[Site "Chennai"]
[Date "2022.08.05"]
[Round "7.44"]
[White "Razanadrakotoarisoa, Toavina"]
[Black "Amdouni, Zoubaier"]
[Result "1-0"]
[ECO "B35"]
[WhiteElo "2039"]
[BlackElo "2224"]
[Annotator "NA RC"]
[PlyCount "115"]
[EventDate "2022.07.29"]
[EventType "team-tourn"]
[EventCountry "IND"]
[SourceTitle "playchess.com"]
[Source "ChessBase"]
[SourceQuality "1"]
[WhiteTeam "Madagascar"]
[BlackTeam "Tunisia"]
[WhiteTeamCountry "MAD"]
[BlackTeamCountry "TUN"]
[TimeControl "40/5400+30:1800+30"]

1. e4 c5 2. Nf3 Nc6 3. d4 cxd4 4. Nxd4 g6 5. Nc3 Bg7 6. Be3 Nf6 7. Bc4 O-O 8. Bb3 Re8 9. O-O d6 10. h3 a6 11. a4 Na5 12. Ba2 Qc7 13. Qd3 e5 14. Nf3 Be6 15. Rfd1 Bxa2 16. Rxa2 Nc6 17. Qxd6 Qxd6 18. Rxd6 Nb4 19. Ra3 Nxc2 20. Rb3 Nxe3 21. fxe3 Re7 22. Rbb6 Ne8 23. Nd5 Nxd6 24. Nxe7+ Kf8 25. Nxg6+ hxg6 26. Rxd6 Ke7 27. Rb6 Rb8 28. a5 Kd7 29. Kf2 Kc7 30. Ng5 Rd8 31. Ke2 Rd7 32. b4 Bf8 33. Nh7 Be7 34. Nf6 Bxf6 35. Rxf6 Kd8 36. h4 Ke7 37. Rb6 Kf8 38. Kf3 Kg7 39. Kg4 Rc7 40. h5 Kh6 41. hxg6 fxg6 42. Kf3 Kg7 43. Re6 Kf7 44. Rxe5 Rc4 45. b5 Ra4 46. bxa6 bxa6 47. Rc5 Ke7 48. Kf4 Kd6 49. Rg5 Ke7 50. g4 Kf6 51. Rc5 Ke7 52. Ke5 Kd7 53. g5 Rb4 54. Kf6 Rxe4 55. Re5 Ra4 56. Kxg6 Kd6 57. Kf6 Rg4 58. Re6+ 1-0

[Event "44th Chess Olympiad Open 2022"]
[Site "Chennai"]
[Date "2022.08.05"]
[Round "7.45"]
[White "Steil-Antoni, Fiona"]
[Black "Ajak Mach Duany"]
[Result "0-1"]
[ECO "B12"]
[WhiteElo "2218"]
[BlackElo "2029"]
[Annotator "NA RC"]
[PlyCount "134"]
[EventDate "2022.07.29"]
[EventType "team-tourn"]
[EventCountry "IND"]
[SourceTitle "playchess.com"]
[Source "ChessBase"]
[SourceQuality "1"]
[WhiteTeam "Luxembourg"]
[BlackTeam "SSD"]
[WhiteTeamCountry "LUX"]
[TimeControl "40/5400+30:1800+30"]

1. e4 c6 2. d4 d5 3. e5 Bf5 4. g4 Bg6 5. e6 fxe6 6. h4 Nd7 7. Nf3 Be4 8. Nbd2 Qa5 9. c3 Ngf6 10. g5 Bxf3 11. Qxf3 Ne4 12. Nxe4 dxe4 13. Qxe4 Qd5 14. Bg2 Qxe4+ 15. Bxe4 e5 16. dxe5 Nxe5 17. Bf4 Ng6 18. Bg3 e6 19. h5 Ne7 20. O-O-O Rd8 21. Rde1 Kd7 22. Be5 h6 23. g6 Nd5 24. Rh3 Nf6 25. Bc2 Be7 26. Bb3 c5 27. Rf3 Rhf8 28. Bxe6+ Kc6 29. Rh3 Bd6 30. f4 Bxe5 31. fxe5 Nd5 32. Bxd5+ Rxd5 33. e6 Kd6 34. Rf3 Re8 35. Rf7 Rxe6 36. Rxe6+ Kxe6 37. Rxg7 Rxh5 38. Rxb7 Rg5 39. Rxa7 h5 40. Rh7 Kf6 41. g7 Kf7 42. a4 Kg8 43. Rh6 Kxg7 44. Rc6 h4 45. Rc7+ Kg6 46. Rc8 Kg7 47. Rc7+ Kh6 48. Rc8 Rg7 49. Rxc5 h3 50. Rc4 Kh5 51. Rc5+ Rg5 52. Rc8 Kh4 53. Rc4+ Rg4 54. Rc8 Rxa4 55. Rh8+ Kg3 56. Rxh3+ Kxh3 57. Kc2 Kg4 58. Kd3 Kf5 59. b4 Ke6 60. Kc4 Kd6 61. Kb5 Ra8 62. c4 Rb8+ 63. Ka5 Kc6 64. Ka4 Ra8+ 65. Kb3 Kd6 66. Kc3 Ra3+ 67. Kd4 Rh3 0-1

[Event "44th Chess Olympiad Open 2022"]
[Site "Chennai"]
[Date "2022.08.05"]
[Round "7.45"]
[White "Gong Thon Gong"]
[Black "Gengler, Pierre"]
[Result "0-1"]
[ECO "B44"]
[WhiteElo "2176"]
[BlackElo "2194"]
[Annotator "NA RC"]
[PlyCount "76"]
[EventDate "2022.07.29"]
[EventType "team-tourn"]
[EventCountry "IND"]
[SourceTitle "playchess.com"]
[Source "ChessBase"]
[SourceQuality "1"]
[WhiteTeam "SSD"]
[BlackTeam "Luxembourg"]
[BlackTeamCountry "LUX"]
[TimeControl "40/5400+30:1800+30"]

1. e4 c5 2. Nf3 e6 3. d4 cxd4 4. Nxd4 Nc6 5. Nb5 d6 6. Bf4 e5 7. Be3 a6 8. N5a3 b5 9. c4 b4 10. Nc2 Nf6 11. Nd2 Be7 12. Be2 O-O 13. O-O Be6 14. f3 Nd7 15. Qe1 f5 16. Rd1 f4 17. Bf2 a5 18. Kh1 a4 19. g3 fxg3 20. Bxg3 Nc5 21. Bf2 b3 22. axb3 axb3 23. Na3 Na4 24. Nb5 Na5 25. Rb1 Bg5 26. Rg1 Bf4 27. Qd1 Qf6 28. Bg3 Be3 29. Rg2 Bh3 30. Nxb3 Bxg2+ 31. Kxg2 Nxb3 32. Qxb3 Bc5 33. Qc2 h5 34. h4 g5 35. Nc7 gxh4 36. Nxa8 Qg5 37. Bd3 Qxg3+ 38. Kh1 Bf2 0-1

[Event "44th Chess Olympiad Open 2022"]
[Site "Chennai"]
[Date "2022.08.05"]
[Round "7.45"]
[White "Rehan, Deng Cypriano"]
[Black "Berend, Elvira"]
[Result "1-0"]
[ECO "C54"]
[WhiteElo "2105"]
[BlackElo "2333"]
[Annotator "TA"]
[PlyCount "115"]
[EventDate "2022.07.29"]
[EventType "team-tourn"]
[EventCountry "IND"]
[SourceTitle "playchess.com"]
[Source "ChessBase"]
[SourceQuality "1"]
[WhiteTeam "SSD"]
[BlackTeam "Luxembourg"]
[BlackTeamCountry "LUX"]
[TimeControl "40/5400+30:1800+30"]

1. e4 e5 2. Nf3 Nc6 3. Bc4 Bc5 4. c3 Nf6 5. O-O d6 6. d3 h6 7. a4 {[%emt 0:01:04] And now b4 would win. C54: Giuoco Piano: 4 c3 Nf6, main lines with 5 d4 and 5 d3.} a5 {[%emt 0:01:45] Against b4 7...a5 scores better than 7...a6.} 8. Qe2 O-O 9. Be3 {[%emt 0:00:39] The position is equal.} Bxe3 10. fxe3 Be6 11. Nbd2 Bxc4 12. Nxc4 Re8 {[%emt 0:00:13] [#]} 13. Rad1 $146 ({Predecessor:} 13. g3 g6 14. Rf2 Qe7 15. Raf1 Nh7 16. h4 Qe6 17. Nh2 Rf8 18. d4 Qh3 19. Qf3 {0-1 (31) Nijboer,F (2546)-Balogh,C (2621) Germany 2016}) 13... d5 14. exd5 Nxd5 15. Qf2 Nb6 (15... Qd7 $11) 16. Nxb6 $16 (16. Nh4 {seems wilder.} Qd5 17. e4 Qe6 18. Nxb6 cxb6 19. d4) 16... cxb6 17. e4 ({White should play} 17. Nh4 $16) 17... Re6 18. Nh4 Qc7 19. Nf5 Rf8 (19... Rd8 $14) 20. Qg3 (20. d4 $1 $16 {[%cal Rd4d5] d5 is the strong threat.} exd4 21. cxd4) 20... Rg6 $14 21. Qh4 Qd8 22. Qxd8 {[%emt 0:01:05] White is more active.} Rxd8 23. Rf3 Rd7 24. Kf2 Ne7 25. g3 Nxf5 26. Rxf5 {[%emt 0:00:03][%mdl 4096] Endgame KRR-KRR} Re6 27. Ke3 g6 28. Rf2 Kg7 29. g4 Rc6 30. h4 Rc8 31. Rdf1 Rc6 32. g5 hxg5 33. hxg5 Rc8 ({Black should try} 33... Rc5) 34. Rh1 $16 Rcd8 (34... Rc6 $16 35. Rh3 Rd8) 35. Rd2 $1 $18 f6 (35... Rc7 {keeps fighting.} 36. Rh3 Kf8) 36. gxf6+ Kxf6 37. d4 exd4+ (37... Kg7 {was worth a try.} 38. Rhh2 Rd6) 38. cxd4 Rc7 39. Rf2+ Kg7 40. Rfh2 Rc4 41. Rh7+ Kf6 42. Rf1+ (42. Rxb7 Rdxd4 43. Rxb6+ Ke5 $14) 42... Ke6 $2 (42... Kg5 43. Rg1+ (43. Rxb7 Rdxd4 44. Re7 Rd6 $11) 43... Kf6 44. Rf1+ (44. Rxb7 Rdxd4 45. Rxb6+ Kf7 $14) 44... Kg5 45. Rg1+ (45. Rxb7 Rdxd4 46. Re7 Rd6 $11) 45... Kf6 46. Rf1+ (46. Rxb7 Rdxd4 47. Rxb6+ Kf7 $14)) 43. d5+ Ke5 44. Re7+ Kd6 45. Rxb7 Re8 46. Rxb6+ Kc7 47. Rc6+ $1 ({Weaker is} 47. Re6 Rxe6 48. dxe6 Kd6 $14) 47... Rxc6 48. dxc6 {[%emt 0:00:16] KR-KR} (48. Rf7+ $142 Kb6 49. dxc6) 48... Rb8 49. Rf2 (49. Rf6 $1 $18 ) 49... Rb4 {[%emt 0:00:00] [#]} (49... Kxc6 $11 {keeps the balance.} 50. Rf6+ Kc7) 50. Rg2 (50. Rf6 $1 $16 ) 50... Rxa4 $2 {[%emt 0:00:00][%mdl 8192] A mistake that costs the game.} (50... Kxc6 $11 51. Rxg6+ Kd7) 51. Rxg6 {[%emt 0:00:00] aiming for Rg2.} Rb4 $2 (51... Rc4 52. Rg2 Rxc6) 52. Rg2 Kxc6 {[%emt 0:00:00] [#]} 53. Rd2 $1 Ra4 54. Kf4 Ra1 55. Kf5 a4 56. e5 {[%emt 0:00:00] Intending e6 and mate.} a3 57. bxa3 Rxa3 58. Ke4 $2 {[%emt 0:00:55][%mdl 32768] Weighted Error Value: White=0.26 (precise) /Black=0.58. Sensor Board Error (Ke4/e5)?} (58. Rd1 $18 Rf3+ 59. Ke4) 1-0

[Event "44th Chess Olympiad Open 2022"]
[Site "Chennai"]
[Date "2022.08.05"]
[Round "7.45"]
[White "Schartz, Alain"]
[Black "Madol Garang Panthoum"]
[Result "1-0"]
[ECO "B22"]
[WhiteElo "2086"]
[BlackElo "1985"]
[Annotator "TA"]
[PlyCount "57"]
[EventDate "2022.07.29"]
[EventType "team-tourn"]
[EventCountry "IND"]
[SourceTitle "playchess.com"]
[Source "ChessBase"]
[SourceQuality "1"]
[WhiteTeam "Luxembourg"]
[BlackTeam "Uganda"]
[WhiteTeamCountry "LUX"]
[BlackTeamCountry "UGA"]
[TimeControl "40/5400+30:1800+30"]

1. e4 c5 2. Nf3 Nc6 3. c3 d5 4. exd5 Qxd5 5. d4 Bg4 6. dxc5 Qxd1+ 7. Kxd1 e5 {[%emt 0:04:56] B22: Sicilian: 2 c3.} 8. b4 e4 {[%emt 0:04:33][%mdl 64] [#] Pin} 9. h3 Bxf3+ (9... Be6 $14 10. Ng5 Bf5) 10. gxf3 $16 exf3 11. Kc2 {[%emt 0:10:39] [#]} a6 $146 (11... a5 $16 {was necessary.}) ({Predecessor:} 11... Be7 12. Bb5 O-O-O 13. Bxc6 bxc6 14. Nd2 Bf6 15. Nxf3 Ne7 16. Bg5 Nd5 17. Bxf6 gxf6 {1-0 (34) Murariu,A (2504)-Neagu,L (2004) Eforie Nord 2017}) 12. Bf4 f6 (12... a5 $142) 13. Nd2 $18 g5 14. Re1+ Kd7 $2 {[%emt 0:02:12] [#]} (14... Be7 {was called for.} 15. Bc7 Nh6) 15. Nc4 $1 {[%emt 0:07:00] Strongly threatening Nb6+.} gxf4 (15... Be7 16. Nb6+) 16. Nb6+ Kd8 17. Nxa8 Ne5 18. Re4 Bh6 19. Bc4 Ne7 20. Rd1+ Kc8 21. Nb6+ Kb8 22. Nd7+ Nxd7 23. Rxe7 Ne5 24. Bd5 Nc6 25. Bxc6 {[%emt 0:00:54] White mates.} bxc6 26. Rdd7 Bg5 27. Rb7+ Kc8 28. Rec7+ Kd8 29. Rxc6 {[%emt 0:00:26] White took control after the opening.  Weighted Error Value: White=0.04 (flawless) /Black=0.80} 1-0

[Event "44th Chess Olympiad Open 2022"]
[Site "Chennai"]
[Date "2022.08.05"]
[Round "7.46"]
[White "Tran, Thanh Tu"]
[Black "Chaulagain, Purushottam"]
[Result "1-0"]
[ECO "B50"]
[WhiteElo "2375"]
[BlackElo "1975"]
[Annotator "ChessBase"]
[PlyCount "69"]
[EventDate "2022.07.29"]
[EventType "team-tourn"]
[EventCountry "IND"]
[SourceTitle "playchess.com"]
[Source "ChessBase"]
[SourceQuality "1"]
[WhiteTeam "Japan"]
[BlackTeam "Nepal"]
[WhiteTeamCountry "JPN"]
[BlackTeamCountry "NEP"]
[TimeControl "40/5400+30:1800+30"]

1. e4 c5 2. Nf3 d6 3. Bc4 Nc6 4. O-O e6 5. Re1 Be7 6. d3 Nf6 7. Bb3 O-O 8. c3 Qc7 9. h3 b5 10. Bf4 e5 11. Bg5 Be6 12. Nbd2 Nh5 13. Be3 Nf6 14. d4 Bxb3 15. Qxb3 Na5 16. Qxb5 Rab8 17. Qa4 exd4 18. cxd4 Rxb2 19. Rac1 Rfb8 20. Bf4 R8b4 21. Qa3 Qd8 22. dxc5 dxc5 23. Be5 Rxd2 24. Nxd2 Nc6 25. Bc3 Rb7 26. Nc4 Nd4 27. Qa6 Qb8 28. Bxd4 cxd4 29. Na5 Rc7 30. Nc6 Qe8 31. e5 d3 32. Nxe7+ Qxe7 33. Rxc7 d2 34. Rc8+ Ne8 35. Rd1 1-0

[Event "44th Chess Olympiad Open 2022"]
[Site "Chennai"]
[Date "2022.08.05"]
[Round "7.46"]
[White "Thing, Bibek"]
[Black "Kojima, Shinya"]
[Result "1-0"]
[ECO "C54"]
[WhiteElo "2260"]
[BlackElo "2346"]
[Annotator "TA"]
[PlyCount "137"]
[EventDate "2022.07.29"]
[EventType "team-tourn"]
[EventCountry "IND"]
[SourceTitle "playchess.com"]
[Source "ChessBase"]
[SourceQuality "1"]
[WhiteTeam "Nepal"]
[BlackTeam "Japan"]
[WhiteTeamCountry "NEP"]
[BlackTeamCountry "JPN"]
[TimeControl "40/5400+30:1800+30"]

1. e4 e5 2. Nf3 Nc6 3. Bc4 Nf6 4. d3 Bc5 5. c3 d6 6. a4 {[%emt 0:00:07] And now b4 would win. C54: Giuoco Piano: 4 c3 Nf6, main lines with 5 d4 and 5 d3.} a5 {[%emt 0:00:22] Prevents b4.} 7. O-O h6 8. Nbd2 {[%emt 0:00:09][%cal Bb1d2,Bd2f1,Bf1g3][%mdl 32] The position is equal.} O-O 9. h3 Ba7 10. Re1 Be6 (10... Nh5 {is interesting.} 11. Nf1 Be6 12. b3 Qf6) 11. Bb3 Re8 12. Bc2 Qd7 13. Nf1 Rad8 14. Ng3 d5 15. Qe2 {[%emt 0:00:36] [#]} (15. exd5 {is more complex.} Bxd5 16. Nh4 Bc5 17. Nhf5) 15... Bc5 $146 ({Predecessor:} 15... dxe4 16. dxe4 Kh7 17. Kh2 Qe7 18. Kg1 Nd7 19. Be3 Bxe3 20. Qxe3 Qc5 21. Rab1 Qxe3 22. Rxe3 {½-½ (77) Harshal,S (2139)-Karthik,V (2366) New Delhi 2016}) 16. Nh4 Bxh3 17. exd5 Nxd5 18. gxh3 $18 Nf4 19. Bxf4 (19. Qf3 $1 $18) 19... exf4 $11 20. Qf3 ({But not} 20. Ne4 Qxh3 21. Nf3 Re5 $1 $17) 20... fxg3 21. Qxg3 Bd6 22. Qg4 Ne5 23. Qxd7 Nxd7 24. d4 Nf6 25. Nf5 Bf8 26. Ne3 c5 27. dxc5 Bxc5 28. Nc4 {[%emt 0:00:06] Against Rd2} b6 29. Kf1 g6 30. Rxe8+ Rxe8 31. Re1 Rxe1+ 32. Kxe1 {[%emt 0:00:03][%mdl 4096] Endgame KBN-KBN} Nd5 33. Bd3 Nf4 34. Bf1 f6 35. f3 Kf7 36. Kd1 Nd5 {[%emt 0:00:49] Prevents b4.} 37. Nd2 f5 (37... Ke7 $15) 38. Bc4 Ke6 39. Ke2 Ke5 40. Bxd5 Kxd5 {[%emt 0:00:07] KB-KN} 41. f4 $1 Bd6 42. Kf3 g5 43. fxg5 hxg5 44. b3 (44. Ke3 $11 {keeps the balance.}) 44... Be5 $17 45. Nb1 Kc5 ({Black should try} 45... Bg7 $15) 46. Ke3 $11 Bf4+ 47. Kd3 Bc1 {[%emt 0:04:25] Threatens to win with ...Kd5.} 48. Kc2 Be3 {[%emt 0:00:51] aiming for ...Kd5.} 49. Kd3 Bf4 50. Na3 g4 51. hxg4 fxg4 52. Nc2 g3 {[%emt 0:02:40] ...g2 is the strong threat.} 53. Ne1 Kd5 54. Ng2 $1 Bg5 55. Ne1 Ke5 56. Ng2 Kf5 {[%emt 0:00:15] Hoping for ...Kg4.} 57. b4 $1 Kg4 {[%emt 0:00:50] White must now prevent ...Kf3.} 58. bxa5 Kf3 $2 {[%emt 0:01:40][%mdl 8192] [#] This move loses the game for Black.} (58... bxa5 $11 59. Ke4 Bf6) 59. a6 $1 $18 Kxg2 {[%emt 0:00:35] KB-K3P} 60. a7 Kf2 61. a8=Q g2 62. Qb8 Be3 63. Qh2 Bc5 64. Kc4 Kf1 65. a5 ({Inferior is} 65. Qf4+ Bf2 $11) 65... g1=Q 66. Qxg1+ Bxg1 67. a6 {[%emt 0:00:19] White mates.} b5+ 68. Kxb5 Ke2 {[%emt 0:00:21] [#]} 69. c4 $1 {[%emt 0:00:11] Weighted Error Value: White=0.11 (very precise) /Black=0.11 (very precise)} 1-0

[Event "44th Chess Olympiad Open 2022"]
[Site "Chennai"]
[Date "2022.08.05"]
[Round "7.46"]
[White "Averbukh, Alex"]
[Black "Bhandari, Kshitiz"]
[Result "1-0"]
[ECO "C45"]
[WhiteElo "2155"]
[BlackElo "2071"]
[Annotator "TA"]
[PlyCount "107"]
[EventDate "2022.07.29"]
[EventType "team-tourn"]
[EventCountry "IND"]
[SourceTitle "playchess.com"]
[Source "ChessBase"]
[SourceQuality "1"]
[WhiteTeam "Japan"]
[BlackTeam "Nepal"]
[WhiteTeamCountry "JPN"]
[BlackTeamCountry "NEP"]
[TimeControl "40/5400+30:1800+30"]

1. e4 e5 2. Nf3 Nc6 3. d4 exd4 4. Nxd4 Nf6 5. Nxc6 bxc6 6. e5 Qe7 7. Qe2 Nd5 8. h4 d6 {[%emt 0:05:10] C45: Scotch Game.} 9. c4 Nb6 10. Bf4 ({White should try} 10. exd6 $11 Qxe2+ 11. Bxe2) 10... Ba6 (10... d5 $15) 11. Nd2 $14 O-O-O {[%emt 0:14:03] [#]} 12. O-O-O $146 (12. exd6 {is more complex.} cxd6 13. Bg5 f6 14. Be3) ({Predecessor:} 12. Rh3 dxe5 13. Bg5 f6 14. Ra3 Bb7 15. Be3 c5 16. Rxa7 Qe6 17. O-O-O Be7 18. g3 {1-0 (44) Janaszak,D (2333)-Von Buelow,G (2361) Chess.com INT 2022}) 12... dxe5 13. Qxe5 (13. Bxe5 {keeps more tension.} f6 14. Bf4 Qf7 15. Qf3) 13... Qxe5 14. Bxe5 f6 15. Bf4 Bc5 16. b3 (16. f3 $14) 16... Rhe8 (16... Bxf2 $11 17. Nf3 Kb8) 17. f3 Kb8 18. Ne4 {[%emt 0:07:39] Prevents Bd6.} Ba3+ 19. Kc2 Rxd1 20. Kxd1 Bc8 21. Bd3 a5 22. h5 h6 23. Re1 Bb4 24. Re2 Nd7 25. Ng3 Rd8 {[%emt 0:00:25] And now ...Nc5 would win.} 26. Kc2 {[%emt 0:00:39] 0x0.001e3d2b6f5adp-1022s more active pieces.} Nc5 ({Better is} 26... a4) 27. Bg6 (27. Bf5 $16) 27... Ne6 28. Be3 Bf8 (28... Nd4+ $14 29. Bxd4 Rxd4) 29. Rd2 $16 Rxd2+ 30. Bxd2 a4 31. bxa4 Nd4+ 32. Kd3 c5 33. Bc3 Ne6 34. Ne2 {[%emt 0:00:28] Against Nf4+} Bd7 35. a5 Bd6 36. Ke3 Ka7 (36... Nd8 $16 {keeps fighting.}) 37. Bf5 $18 Ka6 38. g3 c6 39. Bg4 Bc7 40. Bf5 $2 (40. Nf4 $16 Bxf4+ 41. gxf4) 40... Bxa5 $2 (40... Bd6 $1 $11 {and Black has nothing to worry.}) 41. Bxa5 Kxa5 $11 {[%emt 0:30:07][%mdl 4096] Endgame [#] KBN-KBN} 42. Nf4 $1 Nf8 {[%emt 0:01:29] [#]} (42... Nxf4 $2 43. Bxd7 Nxh5 44. g4 $18) 43. Bxd7 Nxd7 $18 {[%emt 0:00:00] KN-KN} 44. Ne6 Kb4 $2 (44... Ne5 {is a better defense.} 45. Nxc5 (45. Nxg7 Nxc4+ 46. Kd3 Nd6 $16) 45... Kb4) 45. Nxg7 {[%emt 0:00:35] Hoping for Nf5.} Ne5 46. Nf5 Nxc4+ $2 (46... Nf7 47. Kd3 Ne5+ 48. Ke4 Nf7) 47. Ke2 Kc3 48. Nxh6 {[%emt 0:00:31] Strongly threatening Nf7.} Kb2 49. Ng4 (49. Nf7 $142 Na3 50. h6) 49... Nd6 50. h6 c4 51. h7 {[%emt 0:00:00] White mates.} Nf7 52. a4 c3 53. Ne3 c2 {[%emt 0:00:00] [#]} 54. Nxc2 $1 {[%emt 0:00:00][%mdl 512] Weighted Error Value: White=0.18 (very precise) /Black=0.54} 1-0

[Event "44th Chess Olympiad Open 2022"]
[Site "Chennai"]
[Date "2022.08.05"]
[Round "7.46"]
[White "Jaiswal, Rupesh"]
[Black "Kobayashi, Atsuhiko"]
[Result "1/2-1/2"]
[ECO "B06"]
[WhiteElo "2083"]
[BlackElo "2156"]
[Annotator "NA RC"]
[PlyCount "180"]
[EventDate "2022.07.29"]
[EventType "team-tourn"]
[EventCountry "IND"]
[SourceTitle "playchess.com"]
[Source "ChessBase"]
[SourceQuality "1"]
[WhiteTeam "Nepal"]
[BlackTeam "Japan"]
[WhiteTeamCountry "NEP"]
[BlackTeamCountry "JPN"]
[TimeControl "40/5400+30:1800+30"]

1. e4 g6 2. d4 Bg7 3. Nf3 d6 4. Nc3 a6 5. a4 b6 6. Bc4 e6 7. O-O Ne7 8. Bg5 h6 9. Be3 O-O 10. Qd2 Kh7 11. Rad1 Bb7 12. Rfe1 Nd7 13. Qe2 Nf6 14. Bc1 Qb8 15. e5 Nfg8 16. d5 b5 17. axb5 axb5 18. exd6 cxd6 19. Bxb5 Nxd5 20. Nxd5 Bxd5 21. c4 Bb7 22. Qd3 Rd8 23. Nd4 Qc7 24. Qg3 Ra1 25. Nc2 Ra5 26. Na3 Ne7 27. Bd2 Raa8 28. Bc3 Nf5 29. Qh3 e5 30. Nc2 d5 31. cxd5 Rxd5 32. Rxd5 Bxd5 33. Bd3 Be6 34. Qf3 Rd8 35. Bxf5 Bxf5 36. Ne3 Be6 37. Ng4 Bxg4 38. Qxg4 f5 39. Qg3 Rd5 40. Qe3 Qc5 41. Qxc5 Rxc5 42. Ra1 Rc7 43. f3 Rb7 44. Ra4 e4 45. fxe4 Bxc3 46. bxc3 Rc7 47. exf5 gxf5 48. c4 Kg6 49. Kf2 Rb7 50. c5 Rb2+ 51. Kf3 Rc2 52. Ra6+ Kg5 53. c6 f4 54. h3 Kf5 55. Ra5+ Kf6 56. Ra6 Kf5 57. c7 Rc3+ 58. Kf2 Rc2+ 59. Kg1 Rxc7 60. Rxh6 Kg5 61. Rh8 Rc2 62. Rg8+ Kf5 63. Kh2 Rc3 64. h4 Ra3 65. Rg5+ Kf6 66. Kg1 Ra2 67. Kf1 Rb2 68. Rg4 Kf5 69. Rg8 Rb6 70. Rg5+ Kf6 71. Kg1 Rb3 72. Kh2 Ra3 73. Rg8 Kf5 74. Rg5+ Kf6 75. Rb5 Kg6 76. Kg1 Rc3 77. Kf2 Ra3 78. Rg5+ Kf6 79. Rg8 Kf5 80. Ke2 Rb3 81. h5 Rb6 82. Rd8 Rb2+ 83. Kf3 Rb3+ 84. Kf2 Rb2+ 85. Kg1 Rb6 86. Kf2 Rb2+ 87. Kg1 Rb6 88. Rh8 Kg5 89. Kf2 Rb2+ 90. Kf3 Rb3+ 1/2-1/2

[Event "44th Chess Olympiad Open 2022"]
[Site "Chennai"]
[Date "2022.08.05"]
[Round "7.47"]
[White "Al Qudaimi, Basheer"]
[Black "Gerena Rivas, Eliam"]
[Result "1-0"]
[ECO "A10"]
[WhiteElo "2424"]
[BlackElo "2102"]
[Annotator "ChessBase"]
[PlyCount "87"]
[EventDate "2022.07.29"]
[EventType "team-tourn"]
[EventCountry "IND"]
[SourceTitle "playchess.com"]
[Source "ChessBase"]
[SourceQuality "1"]
[WhiteTeam "Yemen"]
[BlackTeam "Puerto Rico"]
[WhiteTeamCountry "YEM"]
[BlackTeamCountry "PUR"]
[TimeControl "40/5400+30:1800+30"]

1. c4 g6 2. g3 Bg7 3. Bg2 d6 4. h4 Nf6 5. d4 O-O 6. Nc3 Nc6 7. Nf3 Bg4 8. d5 Na5 9. Nd2 c5 10. O-O a6 11. a4 Qb6 12. Qc2 Bf5 13. e4 Bd7 14. Rb1 Ng4 15. b3 Bd4 16. Nf3 e5 17. dxe6 fxe6 18. Ne2 Nc6 19. Nfxd4 cxd4 20. Nf4 a5 21. Qd1 Nf6 22. Nd3 e5 23. Ba3 Nb4 24. Bxb4 axb4 25. Qd2 Bc6 26. Rbe1 Nd7 27. h5 Nc5 28. Nxc5 dxc5 29. hxg6 hxg6 30. Qg5 Qc7 31. Qxg6+ Kh8 32. Qh6+ Kg8 33. Bh3 Bd7 34. Qg5+ Kh8 35. Bxd7 Qxd7 36. Qxe5+ Qg7 37. Qxc5 Rad8 38. e5 Rf3 39. Kg2 Rxb3 40. e6 Rf8 41. Qh5+ Kg8 42. e7 Rf6 43. f4 Rxf4 44. Rf2 1-0